 Dungeon Crawl Stone Soup version 0.31-a0-1612-g4aaf141004 (webtiles) character file.

Game seed: 4315261210994760946

276 CraigForest the Ruffian (level 6, 0/43 HPs)
             Began as a Demonspawn Shapeshifter on Jan 7, 2024.
             Slain by a gnoll
             ... wielding a +0 halberd
              (6 damage)
             ... on level 3 of the Dungeon on Jan 9, 2024.
             The game lasted 00:14:05 (1522 turns).

CraigForest the Ruffian (Demonspawn Shapeshifter)   Turns: 1522, Time: 00:14:06

Health: 0/43       AC:  7    Str: 16    XL:     6   Next: 4%
Magic:  1/6        EV: 11    Int: 14    God:
Gold:   87         SH:  0    Dex: 12    Spells: 3/5 levels left

rFire   . .          .
                       - Unarmed
rCold   . . .        f - orb {light}
rNeg    . . .        i - +0 ring mail of Jayhoa {Int+3}
rPois   .            (helmet currently unavailable)
rElec   .            (cloak currently unavailable)
rCorr   .            (gloves currently unavailable)
SInv    .            (boots currently unavailable)
Will    .....        (no amulet)
Stlth   +            (no ring)
HPRegen 0.27/turn    (no ring)
MPRegen 0.10/turn

%: no passive effects
@: beast-form, glowing
A: beast (slay +1), slimy green scales 1, weakness stinger 1
a: Begin Untransformation


You were on level 3 of the Dungeon.
You were a hulking beast.
You visited 1 branch of the dungeon, and saw 3 of its levels.

You collected 87 gold pieces.

Inventory:

Hand Weapons
 m - the +7 mace of the Revolution {flame, rPois Str+5 Stlth-}
   (You found it on level 2 of the Dungeon)

   Str+5:     It affects your strength (+5).
   rPois:     It protects you from poison Stlth-: It makes you less stealthy.
Missiles
 e - 2 datura-tipped darts
Armour
 a - a +0 animal skin
 f - an orb of light (worn)
 i - the +0 ring mail of Jayhoa (worn) {Int+3}
   (You found it on level 2 of the Dungeon)

   Int+3:     It affects your intelligence (+3).
 l - a +2 robe of willpower
Talismans
 c - a beast talisman (active)
 d - a flux talisman
Scrolls
 j - a scroll of poison {unknown}
 n - a scroll of identify
Potions
 b - a potion of lignification
 g - a potion of might
 h - 2 potions of resistance
 k - a potion of haste {unknown}


   Skills:
 + Level 1.2 Fighting
 + Level 1.6 Armour
 + Level 2.5 Dodging
 + Level 4.8 Unarmed Combat
 + Level 3.4 Shapeshifting


You had 3 spell levels left.
You knew the following spells:

 Your Spells              Type           Power      Damage    Failure   Level
a - Magic Dart            Conj           0%         1d3       47%         1
b - Shock                 Conj/Air       0%         1d3       47%         1

Your spell library contained the following spells:

 Spells                   Type           Power      Damage    Failure   Level
 Apportation              Tloc           0%         N/A       47%         1
 Jinxbite                 Hex            0%         N/A       63%         2
 Searing Ray              Conj           0%         2d4       63%         2
 Swiftness                Air            0%         N/A       85%         3
 Airstrike                Air            0%         2d(0-16)  99%         4
 Fulminant Prism          Conj/Alch      0%         3d5       99%         4
 Alistair's Intoxication  Alch           0%         N/A       100%        5


Dungeon Overview and Level Annotations

Branches:
Dungeon (3/15)

Altars:

Shops:
D:2 !!:


Innate Abilities, Weirdness & Mutations

You are a hulking beast.
Your limbs bulge with bestial killing power. (Slay +1)
You are partially covered in slimy green scales. (AC +2)
You have a small tail.


Message History

The orc hits you but does no damage.
You have reached level 6!
The orc attacks as it pursues you! The orc barely misses you.
You punch the orc!
You kill the orc!
You hit the orc.
The orc is almost dead.
The orc barely misses you. The gnoll closely misses you.
You punch the orc!
You kill the orc!
You hit the orc.
The orc is lightly wounded.
The orc completely misses you.
You punch the orc!
You kill the orc!
Aiming: Shock (safe; 47% risk of failure)
Press: ? - help, Q - select action, (/) - cycle Shift-Dir - straight line, f - gnoll
Aim: a gnoll, wielding a +0 club (haloed, 81% to hit)
The zap hits the gnoll.
The gnoll is moderately wounded.
The zap hits the gnoll.
The gnoll is lightly wounded.
You hit the gnoll.
The gnoll is heavily wounded.
The gnoll hits you with a +0 club. The gnoll closely misses you.
You hit the gnoll.
Your tail-slap misses the gnoll.
The gnoll is severely wounded.
The gnoll hits you with a +0 club.
* * * LOW HITPOINT WARNING * * *
The gnoll hits you from afar with a +0 halberd.
* * * LOW HITPOINT WARNING * * *
The gnoll attacks as it pursues you! The gnoll completely misses you.
The gnoll attacks as it pursues you! The gnoll hits you with a +0 club.
* * * LOW HITPOINT WARNING * * *
The gnoll attacks as it pursues you! The gnoll closely misses you.
There is a stone staircase leading up here.
The gnoll hits you with a +0 club.
* * * LOW HITPOINT WARNING * * *
The gnoll hits you from afar with a +0 halberd.
You die...

# #. #.. ##############
#..###...)).ggh...#
#.........####....# ###
##...>.#######....####.#
####..##..............###
#..##.####....####..<#
##!.# #....####.### #....
#####.....# #....#
#####.# #..#..# ###


You could see 2 gnolls.

Vanquished Creatures
  Sigmund (D:2)
  Crazy Yiuf (D:2)
  Terence (D:2)
  A gnoll (D:3)
  2 ribbon worms (D:2)
  2 dart slugs
  3 orcs (D:3)
  5 ball pythons
  3 endoplasms (D:1)
  2 giant cockroaches
  4 goblins
  4 hobgoblins (D:1)
  2 quokkas
  4 bats
  2 frilled lizards (D:2)
  6 kobolds
  2 rats
45 creatures vanquished.

Notes
Turn   | Place    | Note
-------+----------+-------------------------------------------
     0 | D:1      | CraigForest the Demonspawn Shapeshifter began the quest for
                  | the Orb.
     0 | D:1      | Reached XP level 1. HP: 15/15 MP: 1/1
   123 | D:1      | Gained mutation: You are partially covered in slimy green
                  | scales. (AC +2) [demonic ancestry]
   123 | D:1      | Reached XP level 2. HP: 21/21 MP: 2/2
   157 | D:1      | Reached skill level 3 in Unarmed Combat
   717 | D:1      | Found a faded altar of an unknown god.
   742 | D:2      | Found Tedecwuk's Book Shoppe.
   761 | D:2      | Reached XP level 3. HP: 15/26 MP: 3/3
   829 | D:2      | Found Noomo's Distillery.
   840 | D:2      | Identified the +0 ring mail of Jayhoa {Int+3}
   874 | D:2      | Found a runed translucent door.
   875 | D:2      | Noticed Crazy Yiuf
   968 | D:2      | Noticed Sigmund
   976 | D:2      | Killed Sigmund
   977 | D:2      | Reached skill level 4 in Unarmed Combat
   977 | D:2      | Reached XP level 4. HP: 32/32 MP: 4/4
   977 | D:2      | Gained mutation: You have a small tail. [demonic ancestry]
   977 | D:2      | Reached XP level 5. HP: 37/37 MP: 5/5
   994 | D:2      | Identified the +7 mace of the Revolution {flame, rPois
                  | Str+5 Stlth-}
  1041 | D:2      | Found Qaluykh's Distillery.
  1116 | D:2      | Noticed Terence
  1122 | D:2      | Killed Terence
  1123 | D:2      | Reached skill level 1 in Armour
  1353 | D:2      | Killed Crazy Yiuf
  1456 | D:3      | Upgraded the game from 0.31-a0-1591-g515db51633 to
                  | 0.31-a0-1612-g4aaf141004
  1484 | D:3      | Learned a level 1 spell: Magic Dart
  1486 | D:3      | Learned a level 1 spell: Shock
  1510 | D:3      | Reached XP level 6. HP: 16/43 MP: 1/6
  1522 | D:3      | Slain by a gnoll

Illustrated notes

Levels and vault maps discovered:
D:1:      pf_arrival_petrified_forest, layout_basic,
          hellmonk_ecumenical_altar_inner_sanctum, minivault_25,
          minmay_door_square
D:2:      layout_basic, serial_shops, nicolae_shop_tiny_real_fake_doors, shop,
          nicolae_shop_window_shopping, uniq_crazy_yiuf_cottage, uniq_sigmund,
          uniq_terence
D:3:      layout_basic

Skill      XL: |  1  2  3  4  5 |
---------------+----------------+-----
Shapeshifting  | 3 |  3.4
Unarmed Combat | 3 4 |  4.8
Dodging        | 2 |  2.5
Armour         | 1 |  1.6
Fighting       | |  1.2

Action                     |  1- 3 |  4- 6 || total
---------------------------+-------+-------++-------
  Melee: Unarmed           |    72 |    50 ||   122
         Tailslap          |       |     8 ||     8
   Cast: Shock             |       |     4 ||     4
    Use: Scroll            |     4 |       ||     4
 Armour: Animal skin       |    25 |       ||    25
         Ring mail         |     2 |    44 ||    46
  Dodge: Dodged            |    46 |    31 ||    77
   Form: Beast             |     1 |       ||     1

Table legend: (Time is in decaauts)
 A = Elapsed time spent in this place.
 B = Non-inter-level travel time spent in this place.
 C = Inter-level travel time spent in this place.
 D = Time resting spent in this place.
 E = Time spent auto-exploring this place.
 F = Levels seen in this place.
 G = Mean time per level.
                   A        B        C        D        E       F      G
               +--------+--------+--------+--------+--------+-----+--------+
         Total |   1512 |   1275 |    237 |      0 |    935 |   3 |  504.0 |
       Dungeon |   1512 |   1275 |    237 |      0 |    935 |   3 |  504.0 |
               +--------+--------+--------+--------+--------+-----+--------+

Top non-repeatable levels by time:
     D:1: 736 daAuts
     D:2: 710 daAuts
     D:3: 65 daAuts
